 Dungeon Crawl Stone Soup version 0.29-a0-609-gb56f46d856 (webtiles) character file.

Game seed: 5485354950035993325

480 Lekart the Chopper (level 6, -7/52 HPs)
             Began as a Draconian Fighter on June 16, 2022.
             Mangled by Edmund
             ... wielding a +5 dire flail of protection
              (12 damage)
             ... on level 4 of the Dungeon.
             The game lasted 00:04:13 (3646 turns).

Lekart the Chopper (Draconian Fighter)              Turns: 3646, Time: 00:04:14

Health: -7/52      AC:  8    Str: 18 (20) XL:     6   Next: 86%
Magic:  6/6        EV: 12    Int:  6 (8)  God:
Gold:   204        SH:  4    Dex:  9 (11) Spells: 5/5 levels left

rFire   . . .      SeeInvis .   a - +0 war axe (flame)
rCold   . . .      Faith    .   b - +0 buckler
rNeg    . . .      Spirit   .   (body armour unavailable)
rPois   .          Reflect  .   (helmet restricted)
rElec   +          Harm     .   (no cloak)
rCorr   .          Rampage  .   (no gloves)
Will    .....                   k - +1 pair of boots
Stlth   +.........              (no amulet)
HPRegen 0.17/turn               (no ring)
MPRegen 0.10/turn               (no ring)

@: no status effects
A: AC +6, unfitting armour, cold-blooded, stinger 1, electricity resistance
a: no special abilities


You were on level 4 of the Dungeon.
You visited 1 branch of the dungeon, and saw 4 of its levels.

You collected 204 gold pieces.

Inventory:

Hand Weapons
 a - a +0 war axe of flaming (weapon)
Armour
 b - a +0 buckler (worn)
 k - a +1 pair of boots (worn)
Wands
 d - a wand of flame (25)
 g - a wand of mindburst (8)
 j - a wand of iceblast (4)
Potions
 c - 3 potions of might
 e - a potion of curing
 f - a potion of brilliance
 h - a potion of cancellation
 m - a potion of mutation


   Skills:
 + Level 4.3 Fighting
 + Level 5.0 Axes
 * Level 4.3 Dodging
 * Level 4.3 Shields


You had 5 spell levels left.
You didn't know any spells.
Your spell library was empty.

Dungeon Overview and Level Annotations

Branches:
Dungeon (4/15)
 Temple: D:4-7

Altars:

Annotations:
D:3 1 runed translucent door, stillor's ghost, amateur OpTm
D:4 Edmund


Innate Abilities, Weirdness & Mutations

Your plain brown scales are hard. (AC +6)
You cannot fit into any form of body armour.
You are cold-blooded and may be slowed by cold attacks.
Your tail ends in a venomous barb.
You are resistant to electric shocks. (rElec)


Message History

Edmund says, "People accused me of being a cutpurse!"
Edmund is nearby!
Edmund hits you but does no damage.
Aiming: Throw Flame
Press: ? - help, Shift-Dir - straight line, f - Edmund
Aim: Edmund, wielding a +5 dire flail of protection and wearing a +2 scale mail of cold resistance (72% to hit)
The puff of flame misses Edmund.
Edmund hits you with a +5 dire flail of protection!
You closely miss Edmund. You block Edmund's attack.
You barely miss Edmund. You tail-slap Edmund, but do no damage.
Edmund hits you with a +5 dire flail of protection.
You barely miss Edmund.
Edmund hits you with a +5 dire flail of protection. x2
You hit Edmund. You burn Edmund.
Edmund is lightly wounded.
Edmund misses you.
You hit Edmund. You burn Edmund.
Edmund is moderately wounded.
Edmund says, "You wouldn't believe how much I paid for this flail."
Edmund barely misses you.
You completely miss Edmund.
Edmund is moderately wounded.
Edmund hits you with a +5 dire flail of protection!
Edmund barely misses you.
You are too injured to fight recklessly!
You are too injured to fight recklessly!
You hit Edmund. You burn Edmund. You tail-slap Edmund, but do no damage.
Edmund is moderately wounded.
Edmund hits you with a +5 dire flail of protection.
You hit Edmund. You burn Edmund.
Edmund is moderately wounded.
Edmund hits you with a +5 dire flail of protection!
* * * LOW HITPOINT WARNING * * *
You barely miss Edmund. You tail-slap Edmund.
Edmund is heavily wounded.
Edmund says, "I might not be good at magic, but I can still kill you!"
Edmund hits you with a +5 dire flail of protection!
* * * LOW HITPOINT WARNING * * *
Edmund hits you with a +5 dire flail of protection!
You die...

# #.# ####.......#########
##. #
#.#####..................#
#. #
#.................######.#
#. ####..####.###.......#
#.# #. ......####.#
##.....## #.####.
.....?.....# ##...##
#.....! #####)###### ##..#
######. #.# ########..##
#. #.# ......@@...#
########. #.#
######.###.###..>.......
#.# #. #....>#######.# #.#
#.###.##### #.# #.#
#.....# #.# #.# #####.#
#.# #### #.# #.# ....
#.###########.# ####
#.............#


You could see Edmund.

Vanquished Creatures
  Duvessa (D:4)
  A phantom (D:4)
  Dowan (D:4)
  Jessica (D:3)
  Ijyb (D:4)
  3 iguanas (D:4)
  An orc wizard (D:4)
  3 adders
  A dart slug (D:2)
  3 orcs
  8 ball pythons
  4 endoplasms
  4 giant cockroaches
  7 goblins
  9 hobgoblins
  3 jackals (D:1)
  5 quokkas
  2 bats
  3 frilled lizards
  5 kobolds
  4 rats
70 creatures vanquished.

Vanquished Creatures (others)
  2 withered plants (D:3)
2 creatures vanquished.

Grand Total: 72 creatures vanquished

Notes
Turn   | Place    | Note
-------+----------+-------------------------------------------
     0 | D:1      | Lekart the Draconian Fighter began the quest for the Orb.
     0 | D:1      | Reached XP level 1. HP: 19/19 MP: 1/1
   325 | D:1      | Reached XP level 2. HP: 26/26 MP: 2/2
   531 | D:1      | You fall into a shaft and drop 1 floor!
   760 | D:2      | Gained mutation: You occasionally shout uncontrollably at
                  | your foes. [potion of mutation]
   761 | D:2      | Lost mutation: You occasionally shout uncontrollably at
                  | your foes. [potion of mutation]
   761 | D:2      | Gained mutation: You have a pair of small antennae on your
                  | head. [potion of mutation]
   762 | D:2      | Lost mutation: You have a pair of small antennae on your
                  | head. [potion of mutation]
   762 | D:2      | Gained mutation: You are resistant to electric shocks.
                  | (rElec) [potion of mutation]
   762 | D:2      | Gained mutation: Your tail ends in a venomous barb. [potion
                  | of mutation]
   856 | D:2      | Reached XP level 3. HP: 31/31 MP: 3/3
  1750 | D:3      | Found a runed translucent door.
  1751 | D:3      | Noticed stillor's ghost (amateur OpTm)
  1767 | D:3      | Reached skill level 3 in Axes
  1966 | D:3      | Reached XP level 4. HP: 40/40 MP: 4/4
  1986 | D:3      | Noticed Jessica
  1993 | D:3      | Killed Jessica
  2334 | D:4      | Noticed Duvessa
  2334 | D:4      | Noticed Dowan
  2343 | D:4      | Killed Dowan
  2344 | D:4      | Reached XP level 5. HP: 27/46 MP: 5/5
  2346 | D:4      | HP: 3/69 [Duvessa/+0 rapier (12)]
  2348 | D:4      | Killed Duvessa
  2349 | D:4      | Reached skill level 4 in Axes
  2584 | D:4      | Reached XP level 6. HP: 33/52 MP: 6/6
  3163 | D:4      | Noticed Ijyb
  3173 | D:4      | Killed Ijyb
  3534 | D:4      | Reached skill level 5 in Axes
  3633 | D:4      | Noticed Edmund
  3646 | D:4      | Mangled by Edmund

Illustrated notes

Levels and vault maps discovered:
D:1:      dpeg_arrival_tiny_f, layout_loops_ring, nrook_mini_vaults,
          minmay_crystal_room
D:2:      layout_loops_cross
D:3:      layout_loops_cross, gammafunk_ghost_grave, hangedman_decor_points,
          nicolae_concentric_dashed_squares_mild, kennysheep_jessica_study
D:4:      layout_loops_ring, uniq_edmund, uniq_duvessa, uniq_ijyb

Skill      XL: |  1  2  3  4  5  6 |
---------------+-------------------+-----
Dodging        | 3 4 |  4.3
Axes           | 3 4 5 |  5.0
Fighting       | 4 |  4.3
Shields        | 4 |  4.3

Action                   |  1- 3 |  4- 6 || total
-------------------------+-------+-------++-------
Melee: War axe           |    95 |   105 ||   200
       Tailslap          |     8 |    14 ||    22
Evoke: Wand              |       |     1 ||     1
  Use: Scroll            |     4 |     8 ||    12
       Potion            |     3 |     5 ||     8
 Stab: Sleeping          |     1 |       ||     1
Armor: Skin              |    30 |    35 ||    65
Dodge: Dodged            |    61 |    56 ||   117
Block: Buckler           |    20 |    16 ||    36

Table legend: (Time is in decaauts)
 A = Elapsed time spent in this place.
 B = Non-inter-level travel time spent in this place.
 C = Inter-level travel time spent in this place.
 D = Time resting spent in this place.
 E = Time spent auto-exploring this place.
 F = Levels seen in this place.
 G = Mean time per level.
                   A        B        C        D        E       F      G
               +--------+--------+--------+--------+--------+-----+--------+
         Total |   3727 |   3707 |     20 |    579 |   2559 |   4 |  931.8 |
       Dungeon |   3727 |   3707 |     20 |    579 |   2559 |   4 |  931.8 |
               +--------+--------+--------+--------+--------+-----+--------+

Top non-repeatable levels by time:
     D:4: 1123 daAuts
     D:2: 1072 daAuts
     D:3: 983 daAuts
     D:1: 548 daAuts
